 Dungeon Crawl Stone Soup version 0.16.1-30-g34a7ffa (webtiles) character file.

171632 joy the Unseen (level 17, 89/89 HPs)
             Began as a Spriggan Enchanter on June 18, 2015.
             Was the Champion of Dithmenos.
             Quit the game on level 2 of the Lair of Beasts on June 19, 2015.
             The game lasted 02:28:07 (44133 turns).

joy the Unseen (Spriggan Enchanter)                Turns: 44133, Time: 02:28:07

Health: 89/89      AC:  7    Str:  4    XL:     17   Next: 39%
Magic:  37/37      EV: 37    Int: 19    God:    Dithmenos [******]
Gold:   3118       SH: 12    Dex: 21    Spells: 7 memorised, 21 levels left

rFire  + . .     SeeInvis +     b - +5 rapier (freeze)
rCold  + . .     Clarity  .     v - +2 robe {Archmagi}
rNeg   + + .     SustAb   .     H - +2 buckler
rPois  +         Gourm    .     Q - -2 hat of the Alchemist {rElec rPois rF+ rC+ rN+ MR+ rMut rCorr}
rElec  +         Spirit   .     u - +1 cloak
rCorr  +         Warding  +     (gloves unavailable)
rMut   +         Stasis   .     (boots unavailable)
MR     +++..                    j - amulet of warding
Stlth  ++++++++++               X - +3 ring of protection
                                P - +4 ring of evasion

@: wreathed by umbra, very quick, extremely resistant to hostile enchantments,
uncannily stealthy
A: unfitting armour, see invisible, herbivore 3, speed 3, slow metabolism 2
a: Shadow Step, Shadow Form, Renounce Religion


You were on level 2 of the Lair of Beasts.
You worshipped Dithmenos.
Dithmenos was exalted by your worship.
You were full.

You visited 5 branches of the dungeon, and saw 31 of its levels.
You also visited: Ossuary.

You collected 3973 gold pieces.
You spent 855 gold pieces at shops.

Inventory:

Hand weapons
 a - a +5 dagger of venom
 b - a +5 rapier of freezing (weapon)
 O - a +0 blowgun
 S - a +4 short sword of holy wrath
 V - a +1 dagger of electrocution
Missiles
 c - 5 curare-tipped needles
 J - 123 poisoned needles
Armour
 g - a +2 robe of magic resistance
 u - a +1 cloak (worn)
 v - a +2 robe of the Archmagi (worn)
 H - a +2 buckler (worn)
 Q - the -2 hat of the Alchemist (worn) {rElec rPois rF+ rC+ rN+ MR+ rMut rCorr}
   (You found it on level 5 of the Lair of Beasts)

   It protects you from fire.
   It protects you from cold.
   It insulates you from electricity.
   It protects you from poison.
   It protects you from negative energy.
   It affects your resistance to hostile enchantments.
   It protects you from acid and corrosion.
   It protects you from mutation.
Jewellery
 j - an amulet of warding (around neck)
 w - an uncursed ring of protection from magic
 z - an uncursed amulet of resist mutation
 E - an uncursed amulet of regeneration {unknown}
 F - an uncursed ring of stealth
 K - an uncursed ring of protection from fire {unknown}
 P - a +4 ring of evasion (left hand)
 R - an uncursed ring of poison resistance
 X - a +3 ring of protection (right hand)
Magical devices
 d - a wand of cold (5)
 f - a wand of paralysis (15)
 B - a wand of slowing (26)
 G - a wand of disintegration (15)
 I - a wand of magic darts (34)
 Y - a wand of draining (5)
Scrolls
 e - 18 scrolls of identify
 i - a scroll of blinking
 l - 6 scrolls of magic mapping
 n - a scroll of enchant armour
 r - 5 scrolls of fog
 x - 7 scrolls of remove curse
 A - 6 scrolls of fear
 C - 8 scrolls of teleportation
 T - a scroll of summoning
 U - a scroll of amnesia
Potions
 h - 3 potions of heal wounds
 k - a potion of brilliance
 m - 11 potions of curing
 p - a potion of flight
 q - 5 potions of might
 t - 3 potions of haste
 M - a potion of restore abilities
 Z - 2 potions of invisibility
Books
 y - a book of Party Tricks

   Spells                             Type                      Level
   a - Summon Butterflies             Summoning                    1
   b - Apportation                    Translocation                1
   c - Tukima's Dance                 Hexes                        3
   d - Alistair's Intoxication        Transmutation/Poison         4
   e - Invisibility                   Hexes                        6
 D - a book of Alchemy

   Spells                             Type                      Level
   a - Sublimation of Blood           Necromancy                   2
   b - Alistair's Intoxication        Transmutation/Poison         4
   c - Condensation Shield            Ice                          4
   d - Petrify                        Transmutation/Earth          4
   e - Ignite Poison                  Fire/Transmutation           5
   f - Irradiate                      Conjuration/Transmutation    5
 L - the Almanac of Flight
   (You found it on level 13 of the Dungeon)

   Spells                             Type                      Level
   a - Shock                          Conjuration/Air              1
   b - Repel Missiles                 Charms/Air                   2
   c - Swiftness                      Charms/Air                   2
Miscellaneous
 s - a phial of floods
 N - a crystal ball of energy
Comestibles
 o - 20 bread rations


   Skills:
 - Level 10.0 Fighting
 - Level 14.0 Short Blades
 - Level 15.0 Dodging
 - Level 15.7 Stealth
 - Level 11.4 Shields
 + Level 10.8 Spellcasting
 - Level 15.0 Hexes
 - Level 5.1 Summonings
 - Level 5.0 Ice Magic


You had 21 spell levels left.
You knew the following spells:

 Your Spells              Type           Power        Failure   Level  Hunger
a - Corona                Hex            #######      0%          1    None
b - Ensorcelled Hibernat  Hex/Ice        ######       1%          2    None
c - Confuse               Hex            #######.     1%          3    None
d - Repel Missiles        Chrm/Air       ###...       12%         2    None
e - Invisibility          Hex            #######.     2%          6    ######.
f - Summon Butterflies    Summ           #####...     1%          1    None
g - Apportation           Tloc           ###.......   10%         1    None


Dungeon Overview and Level Annotations

Branches:
Dungeon (15/15)            Temple (1/1) D:4            Lair (8/8) D:10
  Swamp (0/5) Lair:6        Snake (0/5) Lair:5        Slime (0/6) Lair:8
    Orc (4/4) D:12            Elf (3/3) Orc:4        Vaults (0/5) D:13
 Depths (0/5) D:15

Altars:
Ashenzari
Cheibriados
Dithmenos
Elyvilon
Fedhas
Gozag
Kikubaaqudgha
Makhleb
Nemelex Xobeh
Okawaru
Qazlal
Ru
Sif Muna
Trog
Vehumet
Xom
Yredelemnul
Zin
The Shining One
Beogh
Jiyva

Shops:
D:9 ?   Orc:4 **==   Elf:1 :   Elf:2 }

Annotations:
D:5 1 runed door


Innate Abilities, Weirdness & Mutations

You are tiny and cannot use many weapons and most armour.
You have supernaturally acute eyesight.
You are a herbivore.
You cover ground extremely quickly.
You need consume almost no food.


Message History

You climb upwards.
There is a stone staircase leading down here.
You see here a dagger.
You see here a stone.
Things that are here:
an uncursed whip; an uncursed blowgun; a stone
Things that are here:
a stone; a dagger
There is a stone staircase leading up here.
You climb upwards.
There is a stone staircase leading down here.
There is a staircase to the Lair here.
You climb downwards.
Welcome to the Lair of Beasts!
There is a staircase back to the Dungeon here.
You see here a leather armour.
There is a stone staircase leading down here.
You climb downwards.
There is a stone staircase leading up here.
Items here: !!!! )) ///////// ::::: === ???? [[ }} Are you sure you want to abandon this character and quit the game? (Confirm with "yes".)

###...# ##..........#
##.....## #P.........#
##.......# ##.........##
.........###...........##
.........P###...........#
............#..........P#
..........#.##.........##
..........###...!.....##
........##.###..@......#
.....................P##
..÷.....##....P.....♣♣#
......P.......#P..#≈♣≈#
.....###.....###....≈≈♣#
.....##......# #...≈P≈≈♣
....####....## #...≈≈≈≈♣
...##.#.....# ##...P≈≈P♣
..#.......### #P...P≈≈≈#


There were no monsters in sight!

Vanquished Creatures
  A deep elf blademaster (Elf:2)
  Asterion (Elf:2)
  A sphinx (D:13)
  Rupert (Lair:5)
  A fire giant (D:13)
  Donald (Elf:1)
  Maud (Lair:7)
  4 deep elf sorcerers (Elf:3)
  A deep elf demonologist (Elf:3)
  5 deep elf annihilators
  A minotaur (shapeshifter) (D:13)
  4 deep elf death magi (Elf:3)
  An ettin (Orc:4)
  Snorg (Orc:2)
  Josephine (Elf:1)
  3 deep elf high priests (Elf:3)
  A fire dragon (D:15)
  3 hydras
  Fannar (Elf:1)
  Harold (Lair:7)
  An ice dragon (D:15)
  2 catoblepae
  A yaktaur captain (D:13)
  Erica (D:12)
  3 centaur warriors
  14 dancing weapons (Elf:2)
  An ogre mage (D:13)
  10 death yaks
  7 orc high priests
  Nergalle (Lair:7)
  Erolcha (Orc:2)
  3 deep elf summoners
  6 hill giants
  16 deep elf knights
  3 orc knights
  2 unseen horrors
  10 deep elf conjurers
  A lindwurm (Lair:8)
  4 oklob plants (Lair:5)
  2 wizards (D:13)
  3 orc sorcerers
  A wolf spider zombie (D:15)
  4 cyclopes
  A griffon (Lair:8)
  10 ugly things
  A manticore (D:15)
  26 elephants
  Joseph (Orc:1)
  A torpor snail (Lair:5)
  A queen ant (Lair:3)
  4 black mambas
  A small abomination (Elf:3)
  An elf skeleton (Elf:3)
  A gargoyle (D:13)
  5 centaur skeletons
  18 spiny frogs
  2 fire drakes
  12 komodo dragons
  15 deep elf priests
  6 kobold demonologists
  4 giant leeches (Lair:8)
  A polar bear (Lair:7)
  9 trolls
  Sonja (D:13)
  A troll (shapeshifter) (D:13)
  21 blink frogs
  2 two-headed ogres (D:13)
  A trapdoor spider (shapeshifter) (Elf:3)
  A wyvern (D:9)
  2 basilisks
  54 yaks
  A trapdoor spider (D:13)
  4 wraiths (Elf:1)
  A yak (shapeshifter) (D:13)
  21 deep elf magi
  Eustachio (D:7)
  13 hippogriffs
  2 shadows
  A spriggan (D:8)
  24 deep elf fighters
  15 vampire mosquitoes
  A steam dragon (D:13)
  6 wargs
  A water moccasin (shapeshifter) (D:13)
  4 nagas (Lair:5)
  6 swamp worms (Lair:6)
  3 hungry ghosts
  13 water moccasins
  The ghost of Yawgmoth the Digger, an average GrEE (D:3)
  3 mottled dragons
  18 porcupines
  24 wolves
  21 soldier ants
  3 eyes of draining
  2 black bears
  3 necrophages
  2 ice beasts
  2 phantoms
  4 sky beasts
  29 orc warriors
  6 ogres
  10 centaurs
  2 boring beetles
  Sigmund (D:3)
  Duvessa (D:7)
  2 brain worms
  13 crocodiles
  5 elf zombies (Ossuary)
  10 big kobolds
  Blork the orc (D:7)
  37 giant frogs
  4 killer bees (D:12)
  6 scorpions
  12 wights
  5 jellies
  4 electric eels
  7 crimson imps
  Dowan (D:7)
  6 human zombies (Ossuary)
  5 goliath beetles
  6 centaur zombies
  13 hounds
  42 orc priests
  26 orc wizards
  3 giant frog zombies
  3 giant frog skeletons
  24 worker ants
  Natasha (twice) (D:3)
  20 sheep
  12 iguanas
  2 porcupine zombies (D:10)
  2 hound zombies (D:10)
  2 hound skeletons
  3 mummies (Ossuary)
  68 river rats
  21 adders
  3 shadow imps
  4 worms
  3 sheep zombies (D:10)
  2 adder skeletons
  4 giant geckos
  175 orcs
  A bat zombie (D:5)
  2 giant cockroaches
  20 goblins
  18 hobgoblins
  8 jackals
  45 kobolds
  12 quokkas
  7 bats
  5 giant newts
  A giant spore (D:14)
  15 rats
  2 ballistomycetes (D:14)
  A fungus (Lair:7)
  A plant (Lair:7)
1279 creatures vanquished.

Vanquished Creatures (others)
  2 deep elf high priests (Elf:3)
  An orc sorcerer (Elf:3)
  3 lost souls (Elf:3)
  An electric eel (D:13)
  A bush (D:10)
  7 fungi
  8 plants
23 creatures vanquished.

Grand Total: 1302 creatures vanquished

Notes
Turn   | Place    | Note
--------------------------------------------------------------
     0 | D:1      | joy, the Spriggan Enchanter, began the quest for the Orb.
     0 | D:1      | Reached XP level 1. HP: 9/9 MP: 4/4
   938 | D:1      | Reached skill level 5 in Stealth
   938 | D:1      | Reached XP level 2. HP: 8/13 MP: 7/7
  1409 | D:1      | Learned a level 2 spell: Ensorcelled Hibernation
  1419 | D:1      | Reached XP level 3. HP: 16/16 MP: 6/9
  1804 | D:2      | Found a blossoming altar of Fedhas.
  2000 | D:2      | Found a radiant altar of Vehumet.
  2016 | D:2      | Reached skill level 6 in Stealth
  2083 | D:2      | Learned a level 3 spell: Confuse
  2397 | D:2      | Found a deep blue altar of Sif Muna.
  2449 | D:3      | Found a bloodstained altar of Trog.
  2469 | D:3      | Reached XP level 4. HP: 14/21 MP: 12/12
  2993 | D:3      | Noticed Natasha
  3006 | D:3      | Killed Natasha
  3145 | D:3      | Noticed Yawgmoth's ghost (average GrEE)
  3206 | D:3      | Reached skill level 7 in Stealth
  3206 | D:3      | Reached XP level 5. HP: 18/24 MP: 11/14
  3394 | D:3      | Noticed Sigmund
  3397 | D:3      | Killed Sigmund
  3527 | D:3      | Found a glowing golden altar of the Shining One.
  3560 | D:3      | Noticed Natasha
  3573 | D:3      | Killed Natasha
  3588 | D:3      | Killed Yawgmoth's ghost
  3588 | D:3      | Reached skill level 5 in Short Blades
  3588 | D:3      | Reached skill level 8 in Stealth
  3588 | D:3      | Reached XP level 6. HP: 28/28 MP: 6/17
  3821 | D:4      | Reached skill level 9 in Stealth
  4107 | D:4      | Found a staircase to the Ecumenical Temple.
  4113 | Temple   | Entered the Ecumenical Temple
  4474 | D:4      | Reached skill level 10 in Stealth
  4474 | D:4      | Reached XP level 7. HP: 5/32 MP: 13/19
  4789 | D:4      | Found a shattered altar of Ashenzari.
  5322 | D:5      | Entered Level 5 of the Dungeon
  5387 | D:5      | Found a shadowy altar of Dithmenos.
  5395 | D:5      | Became a worshipper of Dithmenos the Shadowed
  5456 | D:5      | Reached skill level 5 in Spellcasting
  5457 | D:5      | Found a white marble altar of Elyvilon.
  5457 | D:5      | Noticed an angel
  5458 | D:5      | Found a runed door.
  5585 | D:5      | Reached skill level 5 in Hexes
  5802 | D:5      | Reached XP level 8. HP: 21/36 MP: 20/25
  5812 | D:5      | Noticed a hill giant
  5831 | D:5      | Killed a hill giant
  5993 | D:5      | Found an opulent altar of Gozag.
  6027 | D:5      | Found an iron altar of Okawaru.
  6078 | D:5      | Found a shimmering altar of Xom.
  6146 | D:6      | Reached skill level 1 in Ice Magic
  6983 | D:6      | Reached XP level 9. HP: 39/39 MP: 25/28
  7223 | D:7      | Noticed Duvessa
  7223 | D:7      | Noticed Dowan
  7234 | D:7      | Killed Dowan
  7278 | D:7      | Killed Duvessa
  7323 | D:7      | Acquired Dithmenos' first power
  7367 | D:7      | Found a sand-covered staircase.
  7430 | Ossuary  | Entered an ossuary
  7996 | D:7      | Noticed a centaur skeleton
  8005 | D:7      | Killed a centaur skeleton
  8005 | D:7      | Reached skill level 5 in Ice Magic
  8071 | D:7      | Noticed Eustachio
  8080 | D:7      | Killed Eustachio
  8342 | D:7      | Noticed Blork the orc
  8357 | D:7      | Killed Blork the orc
  8509 | D:8      | Reached skill level 10 in Hexes
  8526 | D:8      | Acquired Dithmenos' second power
  8526 | D:8      | Reached XP level 10. HP: 30/44 MP: 25/30
  8745 | D:8      | Found a blossoming altar of Fedhas.
  8987 | D:8      | Reached skill level 5 in Dodging
  9487 | D:9      | Found Cruppet's Magic Scroll Emporium.
  9521 | D:9      | Bought a scroll of magic mapping for 52 gold pieces
  9536 | D:9      | Noticed a green ugly thing
  9563 | D:9      | Killed a green ugly thing
  9774 | D:9      | Reached skill level 10 in Dodging
  9994 | D:9      | Found a burning altar of Makhleb.
 10022 | D:9      | Found a sacrificial altar of Ru.
 10365 | D:10     | Entered Level 10 of the Dungeon
 10392 | D:10     | Found a staircase to the Lair.
 10417 | D:10     | Reached skill level 11 in Dodging
 10555 | D:10     | Acquired Dithmenos' third power
 10706 | D:10     | You fall through a shaft!
 10758 | D:11     | Noticed a seven-headed hydra
 10779 | D:11     | Killed a seven-headed hydra
 10779 | D:11     | Reached skill level 12 in Dodging
 10779 | D:11     | Reached XP level 11. HP: 47/47 MP: 23/31
 10921 | D:11     | Reached skill level 1 in Fighting
 11447 | D:11     | Noticed a cyclops
 11492 | D:11     | Killed a cyclops
 11887 | D:11     | Noticed an unseen horror
 11893 | D:11     | Killed an unseen horror
 12004 | D:11     | Reached skill level 5 in Fighting
 12296 | D:10     | Noticed a hill giant
 12307 | D:10     | Killed a hill giant
 12750 | Lair:1   | Entered Level 1 of the Lair of Beasts
 12875 | Lair:1   | Acquired Dithmenos' fourth power
 14354 | Lair:2   | Reached XP level 12. HP: 62/62 MP: 23/32
 14989 | Lair:3   | Reached skill level 10 in Short Blades
 15302 | Lair:3   | You fall through a shaft!
 15303 | Lair:4   | Noticed a catoblepas
 16680 | Lair:4   | Killed a catoblepas
 17197 | Lair:5   | Reached XP level 13. HP: 68/70 MP: 21/33
 17353 | Lair:5   | Noticed Rupert
 17358 | Lair:5   | Killed Rupert
 17403 | Lair:5   | Reached skill level 10 in Fighting
 17492 | Lair:5   | Found a staircase to the Snake Pit.
 18240 | Lair:5   | Found a runed door.
 18489 | Lair:5   | Reached skill level 13 in Stealth
 18670 | Lair:5   | Noticed a five-headed hydra
 18672 | Lair:5   | Killed a five-headed hydra
 18687 | Lair:5   | Identified a scroll of acquirement
 18690 | Lair:5   | Got a brightly glowing hat
 18701 | Lair:5   | Identified the +0 hat of the Dragon {SInv} (You acquired it on level 5 of the Lair of Beasts)
 18898 | Lair:6   | Reached skill level 14 in Stealth
 19010 | Lair:6   | Found a staircase to the Swamp.
 20240 | Lair:7   | Noticed Maud
 20276 | Lair:7   | Killed Maud
 20276 | Lair:7   | Reached skill level 15 in Stealth
 20422 | Lair:7   | Noticed Harold
 20428 | Lair:7   | Killed Harold
 20752 | Lair:7   | Noticed Nergalle
 20754 | Lair:7   | Killed Nergalle
 21260 | Lair:6   | Reached XP level 14. HP: 77/77 MP: 18/34
 21313 | Lair:6   | Reached skill level 15 in Dodging
 22318 | Lair:8   | Entered Level 8 of the Lair of Beasts
 22740 | Lair:8   | Found a staircase to the Slime Pits.
 22740 | Lair:8   | Found a viscous altar of Jiyva.
 22867 | Lair:8   | Reached skill level 10 in Spellcasting
 23016 | Lair:8   | Found a blossoming altar of Fedhas.
 27023 | D:12     | Reached XP level 15. HP: 80/80 MP: 36/36
 27637 | D:12     | Noticed Erica
 27649 | D:12     | Killed Erica
 27701 | D:12     | Reached skill level 15 in Hexes
 27725 | D:12     | Found a staircase to the Orcish Mines.
 28104 | D:13     | Found a gate to the Vaults.
 28379 | D:13     | Found a runed gate.
 28379 | D:13     | Found a runed gate.
 28379 | D:13     | Found a runed gate.
 28518 | D:13     | Noticed a sphinx
 28782 | D:13     | Found a runed gate.
 28782 | D:13     | Found a runed gate.
 28783 | D:13     | Found a runed gate.
 28865 | D:13     | Noticed Sonja
 28885 | D:13     | Killed Sonja
 28914 | D:13     | Found a glowing golden altar of the Shining One.
 29538 | D:14     | Reached skill level 1 in Shields
 29823 | D:14     | Found a glowing silver altar of Zin.
 30092 | D:15     | Entered Level 15 of the Dungeon
 31289 | D:15     | Found a staircase to the Depths.
 31915 | D:13     | Killed a sphinx
 31915 | D:13     | Reached skill level 5 in Shields
 32137 | D:13     | Identified the Almanac of Flight
 32369 | Lair:2   | Learned a level 2 spell: Repel Missiles
 32555 | Orc:1    | Entered Level 1 of the Orcish Mines
 32866 | Orc:2    | Noticed Snorg
 32883 | Orc:2    | Killed Snorg
 33021 | Orc:2    | Noticed Erolcha
 33028 | Orc:2    | Killed Erolcha
 33548 | Orc:1    | Noticed Joseph
 33558 | Orc:1    | Killed Joseph
 34017 | Orc:3    | Found a burning altar of Makhleb.
 34590 | Orc:3    | Reached XP level 16. HP: 68/85 MP: 27/36
 34690 | Orc:4    | Entered Level 4 of the Orcish Mines
 34903 | Orc:4    | Found a staircase to the Elven Halls.
 34953 | Orc:4    | Found an iron altar of Okawaru.
 35068 | Orc:4    | Found Twuumait's General Store.
 35142 | Orc:4    | Found Pnuleaq's Assorted Antiques.
 35440 | Orc:4    | Found a roughly hewn altar of Beogh.
 35857 | Orc:4    | Found Chaustruer's Jewellery Emporium.
 35881 | Orc:4    | Bought a cursed ring of teleportation for 203 gold pieces
 35892 | Orc:4    | Found Noppante's Jewellery Boutique.
 36309 | Elf:1    | Entered Level 1 of the Elven Halls
 36364 | Elf:1    | Noticed Donald
 36367 | Elf:1    | Killed Donald
 36751 | Elf:1    | Found Bruarepe's Book Emporium.
 36758 | Elf:1    | Bought a book of Party Tricks for 600 gold pieces
 36765 | Elf:1    | Learned a level 6 spell: Invisibility
 36767 | Elf:1    | Learned a level 1 spell: Summon Butterflies
 36794 | Elf:1    | Noticed Josephine
 36803 | Elf:1    | Killed Josephine
 37104 | Elf:1    | Noticed Fannar
 37112 | Elf:1    | Killed Fannar
 37346 | Elf:2    | Found a runed gate.
 37348 | Elf:2    | Found a runed gate.
 37348 | Elf:2    | Found a runed gate.
 37626 | Elf:2    | Found Blasch's Gadget Boutique.
 37875 | Elf:2    | Noticed Asterion
 37954 | Elf:2    | Noticed a deep elf blademaster
 37957 | Elf:2    | Killed a deep elf blademaster
 37961 | Elf:2    | Reached skill level 10 in Shields
 38006 | Elf:2    | Noticed a spectral weapon
 38067 | Elf:2    | Killed Asterion
 39519 | Elf:2    | HP: 4/85 [halberd of flaming (21)]
 39519 | Elf:2    | HP: 1/85 [halberd of flaming (3)]
 40326 | Elf:3    | Entered Level 3 of the Elven Halls
 40436 | Elf:3    | Reached XP level 17. HP: 74/89 MP: 15/37
 40668 | Elf:3    | Reached skill level 1 in Summonings
 41587 | Elf:3    | Noticed a deep elf master archer
 42925 | Elf:3    | Noticed a Brimstone Fiend
 42930 | Elf:3    | Reached skill level 5 in Summonings
 43672 | Elf:3    | Noticed a deep elf master archer
 43689 | Elf:3    | Noticed a Hell Sentinel
 43821 | Elf:2    | Learned a level 1 spell: Apportation
 44133 | Lair:2   | Quit the game

Action                   |  1- 3 |  4- 6 |  7- 9 | 10-12 | 13-15 | 16-18 || total
-------------------------+-------+-------+-------+-------+-------+-------++-------
Melee: Dagger            |    96 |   148 |   295 |   709 |   714 |   202 ||  2164
       Short sword       |    40 |       |     4 |    14 |     7 |       ||    65
       Rapier            |       |       |       |    20 |  1031 |   885 ||  1936
 Fire: Blowgun           |       |       |       |    13 |       |       ||    13
 Cast: Ensorcelled Hiber |     1 |    13 |    43 |   123 |   307 |   140 ||   627
       Confuse           |       |     2 |    19 |    19 |   113 |    12 ||   165
       Corona            |       |       |       |       |     1 |       ||     1
       Invisibility      |       |       |       |       |       |     1 ||     1
Invok: Shadow Step       |       |       |       |       |    13 |     6 ||    19
Evoke: Wand              |       |       |     2 |       |    10 |     5 ||    17
  Use: Scroll            |       |       |     9 |     6 |     9 |     1 ||    25
       Potion            |       |       |       |    13 |     6 |     3 ||    22
 Stab: Sleeping          |     8 |    13 |    61 |   173 |   278 |   125 ||   658
       Distracted        |     1 |       |     4 |    10 |    24 |    11 ||    50
       Confused          |       |     2 |    13 |     8 |    39 |     3 ||    65
       Paralysed         |       |       |       |     1 |     1 |       ||     2
       Invisible         |       |       |       |     3 |       |     8 ||    11
  Eat: Bread ration      |       |     1 |       |       |       |     2 ||     3
       Royal jelly       |       |       |     1 |       |       |       ||     1
       Pizza             |       |       |       |     3 |     1 |       ||     4
       Fruit             |       |       |       |     3 |    17 |     3 ||    23
